 Dungeon Crawl Stone Soup version 0.31-a0-981-geadf994542 (webtiles) character file.

Game seed: 14828434116822094843

3775 zenocrate the Blocker (level 10, -6/82 HPs)
             Began as a Gnoll Fighter on Oct 31, 2023.
             Was a Follower of Dithmenos.
             Killed from afar by a steam dragon (18 damage)
             ... with a ball of steam
             ... on level 7 of the Dungeon.
             The game lasted 00:06:46 (6407 turns).

zenocrate the Blocker (Gnoll Fighter)               Turns: 6407, Time: 00:06:47

Health: -6/82      AC: 14    Str: 21    XL:     10   Next: 16%
Magic:  17/17      EV: 17    Int:  7    God:    Dithmenos [*.....]
Gold:   444        SH:  0    Dex: 11    Spells: 19/19 levels left

rFire   . . .        a - +5 lajatang (vamp)
rCold   . . .        (shield currently unavailable)
rNeg    . . .        C - +2 ring mail {rPois}
rPois   +            t - +0 helmet
rElec   .            y - +0 cloak
rCorr   .            x - +0 pair of gloves
SInv    .            j - +0 pair of boots
Will    +....        (no amulet)
Stlth   ++           v - +5 ring of evasion
HPRegen 0.33/turn    A - ring of willpower
MPRegen 0.15/turn

%: no passive effects
@: wreathed by umbra
A: fangs 1, strong nose, distributed training
a: Renounce Religion


You were on level 7 of the Dungeon.
You worshipped Dithmenos.
Dithmenos was aware of your devotion.
You visited 2 branches of the dungeon, and saw 9 of its levels.

You collected 444 gold pieces.

Inventory:

Hand Weapons
 a - a +5 vampiric lajatang (weapon)
 b - a +0 battleaxe of venom
 w - a +0 war axe
Missiles
 f - 12 boomerangs
 g - 30 poisoned darts (quivered)
 L - a curare-tipped dart
Armour
 c - a +0 buckler
 j - a +0 pair of boots (worn)
 p - the +2 leather armour of Winter {Dex+4 Stlth+}
   (You found it on level 2 of the Dungeon)

   Dex+4:     It affects your dexterity (+4).
   Stlth+:    It makes you more stealthy.
 q - a +0 scale mail
 t - a +0 helmet (worn)
 x - a +0 pair of gloves (worn)
 y - a +0 cloak (worn)
 C - a +2 ring mail of poison resistance (worn)
Jewellery
 v - a +5 ring of evasion (left hand)
 A - a ring of willpower (right hand)
 N - a +6 ring of dexterity
Wands
 i - a wand of flame (54)
 I - a wand of iceblast (5)
 J - a wand of polymorph (9)
Scrolls
 e - 2 scrolls of amnesia
 m - 2 scrolls of teleportation
 n - a scroll of enchant weapon {unknown}
 o - a scroll of enchant armour {unknown}
 r - 3 scrolls of vulnerability
 u - 2 scrolls of revelation
 D - a scroll of fear {unknown}
 F - a scroll of poison {unknown}
 H - 2 scrolls of torment {unknown}
 K - a scroll of butterflies {unknown}
Potions
 d - 2 potions of might
 h - 2 potions of brilliance
 k - a potion of berserk rage
 l - 3 potions of invisibility
 s - a potion of mutation
 z - 5 potions of curing
 B - a potion of heal wounds
 E - 2 potions of ambrosia
 G - a potion of magic
 M - 2 potions of attraction


   Skills:
 + Level 8.4 Fighting
 + Level 5.1 Short Blades
 + Level 5.1 Long Blades
 + Level 6.9 Axes
 + Level 5.1 Maces & Flails
 + Level 5.1 Polearms
 + Level 5.1 Staves
 + Level 5.1 Ranged Weapons
 + Level 5.1 Throwing
 + Level 8.4 Armour
 + Level 5.1 Dodging
 + Level 5.1 Stealth
 + Level 8.4 Shields
 + Level 5.1 Unarmed Combat
 + Level 5.1 Spellcasting
 + Level 4.2 Conjurations
 + Level 4.2 Hexes
 + Level 4.2 Summonings
 + Level 4.2 Necromancy
 + Level 4.2 Translocations
 + Level 4.2 Transmutations
 + Level 4.2 Fire Magic
 + Level 4.2 Ice Magic
 + Level 4.2 Air Magic
 + Level 4.2 Earth Magic
 + Level 4.2 Poison Magic
 + Level 5.6 Invocations
 + Level 5.1 Evocations
 + Level 4.6 Shapeshifting


You had 19 spell levels left.
You didn't know any spells.
Your spell library contained the following spells:

 Spells                   Type           Power      Damage    Failure   Level
 Stone Arrow              Conj/Erth      14%        3d7       22%         3
 Anguish                  Hex/Necr       3%         N/A       58%         4
 Animate Armour           Summ/Erth      14%        N/A       58%         4
 Cause Fear               Hex            3%         N/A       58%         4
 Summon Forest            Summ/Tloc      3%         N/A       90%         5
 Eringya's Noxious Bog    Tmut/Pois      3%         4d6       100%        6
 Enfeeble                 Hex            3%         N/A       100%        7
 Summon Hydra             Summ           3%         N/A       100%        7
 Lehudib's Crystal Spear  Conj/Erth      3%         10d3      100%        8


Dungeon Overview and Level Annotations

Branches:
Dungeon (8/15)             Temple (1/1) D:6
   Lair: D:8-11

Altars:
Ashenzari
Cheibriados
Dithmenos
Elyvilon
Fedhas
Gozag
Hepliaklqana
Kikubaaqudgha
Makhleb
Nemelex Xobeh
Okawaru
Qazlal
Ru
Sif Muna
Trog
Uskayaw
Vehumet
Wu Jian
Xom
Yredelemnul
Zin
The Shining One

Shops:
D:5 (   D:6 (

Annotations:
D:8 digging


Innate Abilities, Weirdness & Mutations

You have very sharp teeth.
Your uncanny sense of smell can sniff out nearby items.
Your experience applies equally to all skills.


Message History

A sky beast comes into view.
Something hits you but does no damage.
You barely miss the steam dragon. The steam dragon closely misses you.
The steam dragon claws you but does no damage.
Something hits you. Something shocks you.
Your unstable footing causes you to fumble your attack.
The steam dragon completely misses you.
The steam dragon claws you but does no damage.
Something closely misses you. The steam dragon breathes steam at you.
The ball of steam hits the steam dragon!
The steam dragon resists.
The ball of steam hits you!
You hear an angry buzzing noise. x2
Something hits you. Something shocks you.
Unknown command.
Reactivating autopickup.
You feel a bit more experienced. The steam dragon breathes steam at you.
The ball of steam hits the steam dragon.
The steam dragon resists.
The ball of steam hits you!!
The steam dragon hisses angrily.
You hear an angry buzzing noise. x2
Unknown command.
The steam dragon breathes steam at you. The ball of steam hits you!
* * * LOW HITPOINT WARNING * * *
There is a stone staircase leading up here.
Unknown command.
You are engulfed in a cloud of scalding steam.
* * * LOW HITPOINT WARNING * * *
The steam dragon barely misses you. The steam dragon claws you.
* * * LOW HITPOINT WARNING * * *
You climb upwards.
There is a stone staircase leading down here.
Unknown command.
Unknown command.
You slash the steam dragon!
The steam dragon is almost dead.
The steam dragon breathes steam at you. The ball of steam hits you!!
You die...

####.#
####.~~~~PP~..#
#....# ##~P....####
#.#### #P.###.# #.#
#####..# #.# #.#
#......# #.# #.#
#.####.# #.#
#.######.####.###.#
###.................#
...#.#.#.#.#.#.#@#)##
.##..............D..#
..##.#.#.#.#.#.#.#.##
.##.................#
.###.#.#.#.#.#.#.#.##
.##.................#
#.##.#.#.#.#.#.#.#.##
##..###.......#.####
##.# #.#######.#


You could see a steam dragon (catching breath).

Vanquished Creatures
  Sigmund (D:3)
  A yak (D:7)
  3 hogs (D:7)
  A human (D:7)
  Edmund (D:5)
  Pargi (D:3)
  A black bear (D:6)
  2 orc warriors
  2 sky beasts
  An ice beast (D:7)
  3 ogres (D:5)
  2 kobold brigands
  A gnoll sergeant (D:8)
  A scorpion (D:6)
  11 wights
  2 howler monkeys
  4 hounds
  4 jellies
  Crazy Yiuf (D:4)
  2 orc priests
  3 iguanas
  Terence (D:2)
  7 orc wizards
  Robin (D:4)
  8 gnolls
  12 adders
  3 white imps
  An ufetubus (D:5)
  A worm (D:2)
  3 dart slugs
  28 orcs
  5 bats
  7 endoplasms
  4 giant cockroaches
  10 hobgoblins
  3 quokkas
  11 ball pythons
  2 frilled lizards (D:1)
  10 goblins
  14 kobolds
  7 rats
186 creatures vanquished.

Vanquished Creatures (others)
  A sky beast (D:8)
1 creature vanquished.

Grand Total: 187 creatures vanquished

Notes
Turn   | Place    | Note
-------+----------+-------------------------------------------
     0 | D:1      | zenocrate the Gnoll Fighter began the quest for the Orb.
     0 | D:1      | Reached XP level 1. HP: 23/23 MP: 1/1
   248 | D:1      | Reached XP level 2. HP: 29/29 MP: 2/2
   888 | D:2      | Reached skill level 1 in Invocations
   888 | D:2      | Reached XP level 3. HP: 26/35 MP: 2/4
   992 | D:2      | Reached skill level 1 in Short Blades
   992 | D:2      | Reached skill level 1 in Long Blades
   992 | D:2      | Reached skill level 1 in Maces & Flails
   992 | D:2      | Reached skill level 1 in Polearms
   992 | D:2      | Reached skill level 1 in Staves
   992 | D:2      | Reached skill level 1 in Ranged Weapons
   992 | D:2      | Reached skill level 1 in Throwing
   992 | D:2      | Reached skill level 1 in Dodging
   992 | D:2      | Reached skill level 1 in Stealth
   992 | D:2      | Reached skill level 1 in Unarmed Combat
   992 | D:2      | Reached skill level 1 in Spellcasting
   992 | D:2      | Reached skill level 1 in Evocations
  1192 | D:2      | Identified the +2 leather armour of Winter {Dex+4 Stlth+}
  1233 | D:2      | Noticed Terence
  1239 | D:2      | Killed Terence
  1240 | D:2      | Reached skill level 1 in Shapeshifting
  1240 | D:2      | Reached XP level 4. HP: 36/41 MP: 5/5
  1274 | D:2      | Reached skill level 1 in Conjurations
  1274 | D:2      | Reached skill level 1 in Hexes
  1274 | D:2      | Reached skill level 1 in Summonings
  1274 | D:2      | Reached skill level 1 in Necromancy
  1274 | D:2      | Reached skill level 1 in Translocations
  1274 | D:2      | Reached skill level 1 in Transmutations
  1274 | D:2      | Reached skill level 1 in Fire Magic
  1274 | D:2      | Reached skill level 1 in Ice Magic
  1274 | D:2      | Reached skill level 1 in Air Magic
  1274 | D:2      | Reached skill level 1 in Earth Magic
  1274 | D:2      | Reached skill level 1 in Poison Magic
  1717 | D:3      | Reached XP level 5. HP: 47/47 MP: 5/7
  1887 | D:3      | Noticed Pargi
  1895 | D:3      | Killed Pargi
  1896 | D:3      | Reached XP level 6. HP: 50/53 MP: 8/8
  1949 | D:3      | Noticed Sigmund
  1963 | D:3      | Killed Sigmund
  1964 | D:3      | Reached skill level 5 in Axes
  2595 | D:4      | Reached XP level 7. HP: 47/59 MP: 10/10
  2713 | D:4      | Noticed Robin
  2721 | D:4      | Killed Robin
  3006 | D:4      | Found a runed translucent door.
  3007 | D:4      | Noticed Crazy Yiuf
  3011 | D:4      | Killed Crazy Yiuf
  3137 | D:5      | Entered Level 5 of the Dungeon
  3298 | D:5      | Reached XP level 8. HP: 27/67 MP: 12/12
  3530 | D:5      | Noticed Edmund
  3589 | D:5      | Found Hiobu's Weapon Shop.
  3716 | D:5      | Killed Edmund
  3847 | D:5      | Found a sparkling altar of Nemelex Xobeh.
  3851 | D:5      | Found an iron altar of Okawaru.
  4081 | D:6      | Found a staircase to the Ecumenical Temple.
  4111 | Temple   | Entered the Ecumenical Temple
  4142 | Temple   | Became a worshipper of Dithmenos the Shadowed
  4194 | D:6      | Reached XP level 9. HP: 70/73 MP: 14/14
  4628 | D:6      | Found Zaenull's Weapon Shoppe.
  5986 | D:7      | Reached * piety under Dithmenos
  5987 | D:7      | Reached skill level 5 in Invocations
  6147 | D:7      | Reached XP level 10. HP: 80/80 MP: 17/17
  6322 | D:8      | Reached skill level 5 in Short Blades
  6322 | D:8      | Reached skill level 5 in Long Blades
  6322 | D:8      | Reached skill level 5 in Maces & Flails
  6322 | D:8      | Reached skill level 5 in Polearms
  6322 | D:8      | Reached skill level 5 in Staves
  6322 | D:8      | Reached skill level 5 in Ranged Weapons
  6322 | D:8      | Reached skill level 5 in Throwing
  6322 | D:8      | Reached skill level 5 in Dodging
  6322 | D:8      | Reached skill level 5 in Stealth
  6322 | D:8      | Reached skill level 5 in Unarmed Combat
  6322 | D:8      | Reached skill level 5 in Spellcasting
  6322 | D:8      | Reached skill level 5 in Evocations
  6407 | D:7      | Killed from afar by a steam dragon

Illustrated notes

Levels and vault maps discovered:
D:1:      orjb1_clovarrival, layout_basic, dreamdust_princess_bridge
D:2:      layout_loops_ring, uniq_terence
D:3:      layout_loops_ring, kennysheep_generic_room_5, uniq_sigmund, uniq_pargi
D:4:      layout_rooms, uniq_robin, uniq_crazy_yiuf_cottage
D:5:      layout_cave_pools, jmf_multi_god_temple, serial_shops, shop,
          uniq_edmund
D:6:      layout_basic, minmay_temple_entry_trees, serial_shops,
          nicolae_shop_peninsula
D:7:      layout_loops_ring, st_stairs_12, serial_bayou_pond_c, grunt_livestock
D:8:      minmay_cornered_nines, layout_loops_cross, lair_entry_dummy,
          serial_glass, glass_columns_a, glass_columns_a, item_on_display_b,
          due_unseen_surprise, feat_on_display, item_on_display_a,
          minmay_misc_feat_x, hangedman_misty_isle
Temple:   mainiacjoe_temple_big_plus

Skill      XL: |  1  2  3  4  5  6  7  8  9 10 |
---------------+-------------------------------+-----
Invocations    | 1 2 3 4 5 |  5.6
Short Blades   | 1 2 3 4 5 |  5.1
Long Blades    | 1 2 3 4 5 |  5.1
Maces & Flails | 1 2 3 4 5 |  5.1
Polearms       | 1 2 3 4 5 |  5.1
Staves         | 1 2 3 4 5 |  5.1
Ranged Weapons | 1 2 3 4 5 |  5.1
Throwing       | 1 2 3 4 5 |  5.1
Dodging        | 1 2 3 4 5 |  5.1
Stealth        | 1 2 3 4 5 |  5.1
Unarmed Combat | 1 2 3 4 5 |  5.1
Spellcasting   | 1 2 3 4 5 |  5.1
Evocations     | 1 2 3 4 5 |  5.1
Shapeshifting  | 1 2 3 4 |  4.6
Conjurations   | 1 2 3 4 |  4.2
Hexes          | 1 2 3 4 |  4.2
Summonings     | 1 2 3 4 |  4.2
Necromancy     | 1 2 3 4 |  4.2
Translocations | 1 2 3 4 |  4.2
Transmutations | 1 2 3 4 |  4.2
Fire Magic     | 1 2 3 4 |  4.2
Ice Magic      | 1 2 3 4 |  4.2
Air Magic      | 1 2 3 4 |  4.2
Earth Magic    | 1 2 3 4 |  4.2
Poison Magic   | 1 2 3 4 |  4.2
Axes           | 5 6 |  6.9
Fighting       | 7 8 |  8.4
Armour         | 7 8 |  8.4
Shields        | 7 8 |  8.4

Action                     |  1- 3 |  4- 6 |  7- 9 | 10-12 || total
---------------------------+-------+-------+-------+-------++-------
  Melee: War axe           |    76 |     8 |       |       ||    84
         Bite              |     3 |     8 |    33 |     4 ||    48
         Battleaxe         |       |    92 |   182 |       ||   274
         Lajatang          |       |       |    88 |    50 ||   138
  Throw: Dart              |       |       |     4 |       ||     4
    Use: Scroll            |       |     5 |     9 |       ||    14
   Stab: Sleeping          |       |     2 |     1 |       ||     3
 Armour: Scale mail        |    33 |    88 |    46 |       ||   167
         Leather armour    |       |     7 |       |       ||     7
         Ring mail         |       |       |   126 |    26 ||   152
  Dodge: Dodged            |    35 |    80 |   260 |    58 ||   433
  Block: Buckler           |    25 |     3 |       |       ||    28

Table legend: (Time is in decaauts)
 A = Elapsed time spent in this place.
 B = Non-inter-level travel time spent in this place.
 C = Inter-level travel time spent in this place.
 D = Time resting spent in this place.
 E = Time spent auto-exploring this place.
 F = Levels seen in this place.
 G = Mean time per level.
                   A        B        C        D        E       F      G
               +--------+--------+--------+--------+--------+-----+--------+
         Total |   6588 |   6236 |    352 |      0 |   4907 |   9 |  732.0 |
       Dungeon |   6526 |   6234 |    292 |      0 |   4907 |   8 |  815.8 |
        Temple |     61 |      2 |     59 |      0 |      0 |   1 |   61.0 |
               +--------+--------+--------+--------+--------+-----+--------+

Top non-repeatable levels by time:
     D:6: 1320 daAuts
     D:5: 957 daAuts
     D:3: 951 daAuts
     D:1: 902 daAuts
     D:7: 867 daAuts
     D:2: 792 daAuts
     D:4: 594 daAuts
     D:8: 140 daAuts
  Temple: 61 daAuts
